[Event "Titled Tuesday Blitz August 15 Late 2023"]
[White "Andrews, Todd"]
[Black "Phillips, Rene"]
[WhiteFideId "2012456"]
[BlackFideId "2056275"]
[WhiteElo "2408"]
[BlackElo "2078"]
[Result "0-1"]
[Round "2"]
[TimeControl "180+1"]
[Date "2023.08.15"]
[WhiteClock "0:00:26"]
[BlackClock "0:00:14"]
[Board "176"]

1. e4 Nc6 2. d4 d5 3. e5 a6 4. c3 f6 5. Bd3 fxe5 6. Qh5+ g6 7. Bxg6+ hxg6 8. Qxh8 Be6 9. Nf3 Qd7 10. dxe5 O-O-O 11. Qh4 Bg7 12. Bf4 d4 13. Nbd2 dxc3 14. bxc3 Nxe5 15. O-O Bf6 16. Qg3 Nd3 17. Be3 Bf5 18. Nd4 Be5 19. f4 Bf6 20. Nc4 Nc5 21. Rfd1 Ne4 22. Qe1 Qa4 23. Ne5 Nh6 24. h3 Nd6 25. Nxf5 Nhxf5 26. Bf2 Qxf4 27. Nd3 Qc4 28. Rab1 Bxc3 29. Qe2 Bd4 30. Rbc1 Bxf2+ 31. Qxf2 Qd4 32. Qxd4 Nxd4 33. Nc5 Ne2+ 34. Kf2 Nxc1 35. Rxc1 Rf8+ 36. Ke2 Nb5 37. Ne6 Rf6 38. Ng5 Nd4+ 39. Kd3 Nc6 40. Rc2 Nb4+ 41. Kc3 Nxc2 42. Kxc2 Rf2+ 43. Kb3 Rxg2 44. Ne6 Rg3+ 45. Kc4 Rxh3 46. Nd4 Rh4 47. a4 Rxd4+ 48. Kxd4 Kd7 49. Kd5 c6+ 50. Kc5 g5 51. Kb6 g4 52. Kxb7 c5 53. Kxa6 c4 54. Kb7 c3 55. a5 c2 56. a6 c1=Q 57. a7 Qb1+ 58. Ka6 Qa1+ 59. Kb7 Qxa7+ 60. Kxa7 g3 61. Kb6 g2 62. Kc5 g1=Q+ 63. Kd5 Qb6 0-1


[Site "https://www.chess.com"]

[Event "Titled Tuesday Blitz August 15 Late 2023"]
[White "Maluco_do_Natal_00"]
[Black "Klinova, Masha"]
[BlackFideId "2802015"]
[WhiteElo "2071"]
[BlackElo "2405"]
[Result "0-1"]
[Round "2"]
[TimeControl "180+1"]
[Date "2023.08.15"]
[WhiteClock "0:00:00"]
[BlackClock "0:00:31"]
[Board "177"]

1. e4 d6 2. d4 Nf6 3. Bd3 e5 4. dxe5 dxe5 5. Nf3 Bd6 6. Bg5 Nbd7 7. c3 O-O 8. Nbd2 h6 9. Bh4 Nc5 10. Bc2 a5 11. h3 Be6 12. Qe2 g5 13. Bg3 Nh5 14. Bh2 Qf6 15. O-O Nf4 16. Bxf4 gxf4 17. b4 axb4 18. cxb4 Na4 19. a3 Kh8 20. Nc4 Rg8 21. Kh1 Qg6 22. Rg1 Qh5 23. Kh2 Nb6 24. Nxb6 cxb6 25. Rad1 Be7 26. Qd3 Rad8 27. Qe2 Rxd1 28. Bxd1 Qg6 29. Nxe5 Qg7 30. Nf3 Bf6 31. e5 Be7 32. Bc2 Bd5 33. Be4 Bc6 34. Bxc6 bxc6 35. e6 fxe6 36. Qxe6 Qf6 37. Qe4 c5 38. bxc5 Bxc5 39. Rf1 Bxa3 40. Nd4 Bc5 41. Nf5 Rf8 0-1


[Site "https://www.chess.com"]

[Event "Titled Tuesday Blitz August 15 Late 2023"]
[White "Balla, Tamas-Kristof"]
[Black "dorpato"]
[WhiteFideId "1208497"]
[WhiteElo "2404"]
[BlackElo "2065"]
[Result "1-0"]
[Round "2"]
[TimeControl "180+1"]
[Date "2023.08.15"]
[WhiteClock "0:01:39"]
[BlackClock "0:00:10"]
[Board "178"]

1. e4 c5 2. c3 Nf6 3. e5 Nd5 4. d4 cxd4 5. Nf3 Nc6 6. cxd4 d6 7. Bc4 Nb6 8. Bb5 dxe5 9. Nxe5 Bd7 10. Nxd7 Qxd7 11. Nc3 a6 12. Bxc6 Qxc6 13. O-O e6 14. Qg4 g6 15. d5 Nxd5 16. Nxd5 Qxd5 17. Rd1 Qc6 18. Qd4 Rg8 19. Bg5 Be7 20. Rac1 Qd5 21. Qxd5 exd5 22. Re1 Kf8 23. Bh6+ Ke8 24. Rc7 Kd8 25. Rexe7 b5 26. Bg5 Rb8 27. Rxf7+ Ke8 28. Rce7+ Kd8 29. Rb7+ Kc8 30. Rfc7# 1-0


[Site "https://www.chess.com"]

[Event "Titled Tuesday Blitz August 15 Late 2023"]
[White "Verony64"]
[Black "KorolDimitriy75"]
[WhiteElo "2064"]
[BlackElo "2404"]
[Result "0-1"]
[Round "2"]
[TimeControl "180+1"]
[Date "2023.08.15"]
[WhiteClock "0:00:33"]
[BlackClock "0:00:03"]
[Board "179"]

1. d4 Nf6 2. c4 c5 3. d5 b5 4. cxb5 a6 5. Nc3 axb5 6. Nxb5 Ba6 7. Nc3 d6 8. g3 g6 9. Bg2 Bg7 10. Nf3 O-O 11. O-O Nbd7 12. Re1 Qa5 13. e4 Ng4 14. h3 Nge5 15. Nxe5 Nxe5 16. f4 Nd3 17. Re3 Bd4 18. Kh2 Nxb2 19. Bxb2 Bxe3 20. Qc2 Rfb8 21. e5 Bd4 22. Rc1 Bc4 23. exd6 exd6 24. Ba1 Bxc3 25. Bxc3 Qxa2 26. Qd1 Qe2 27. Qg1 Ra2 28. Re1 Qc2 29. Ba1 Bxd5 30. h4 Qxg2+ 31. Qxg2 Rxg2+ 32. Kh3 Rd2 33. f5 Rd3 34. fxg6 hxg6 35. Kg4 Be6+ 36. Kf4 Rb4+ 37. Re4 Rxe4+ 38. Kxe4 Rxg3 39. Bf6 Rg4+ 40. Kd3 d5 41. Kc3 d4+ 42. Kd3 c4+ 43. Kd2 c3+ 44. Kd3 Bf5+ 45. Ke2 d3+ 46. Ke3 d2 47. Ke2 Rg2+ 48. Kf3 Rg1 49. Bxc3 d1=Q+ 50. Kf4 Rg4+ 51. Ke3 Qd3+ 52. Kf2 Be4 53. Bd4 Rg2+ 54. Ke1 Qe2# 0-1


[Site "https://www.chess.com"]

[Event "Titled Tuesday Blitz August 15 Late 2023"]
[White "Joubert, Dantelle"]
[Black "Todorovic, Bojan"]
[WhiteFideId "14310813"]
[BlackFideId "917087"]
[WhiteElo "2062"]
[BlackElo "2403"]
[Result "0-1"]
[Round "2"]
[TimeControl "180+1"]
[Date "2023.08.15"]
[WhiteClock "0:00:00"]
[BlackClock "0:01:07"]
[Board "180"]

1. e4 g6 2. d4 Bg7 3. Nc3 d6 4. Be3 a6 5. Qd2 Nd7 6. f3 b5 7. O-O-O Bb7 8. Kb1 e6 9. h4 h5 10. g4 Ngf6 11. Bg5 Qb8 12. e5 Nd5 13. Nxd5 Bxd5 14. exd6 cxd6 15. gxh5 Rxh5 16. Rh2 Qb6 17. Be2 Rc8 18. Nh3 Rh8 19. Nf4 Bc4 20. h5 Bxe2 21. Qxe2 Nf8 22. hxg6 Rxh2 23. gxf7+ Kxf7 24. Qxh2 Qc6 25. d5 exd5 26. Rxd5 Qc4 27. b3 Qc3 28. Qh5+ Kg8 29. Bf6 Qxf6 0-1


[Site "https://www.chess.com"]

[Event "Titled Tuesday Blitz August 15 Late 2023"]
[White "Wafa, Shrook"]
[Black "Danishcrown"]
[WhiteFideId "10609970"]
[WhiteElo "2403"]
[BlackElo "2043"]
[Result "1-0"]
[Round "2"]
[TimeControl "180+1"]
[Date "2023.08.15"]
[WhiteClock "0:01:47"]
[BlackClock "0:00:00"]
[Board "181"]

1. e4 c6 2. d4 d5 3. f3 dxe4 4. fxe4 e5 5. Nf3 exd4 6. Bc4 Nf6 7. O-O Bc5 8. Bg5 h6 9. Bh4 g5 10. Bf2 Bg4 11. e5 Nd5 12. Bxd4 Qb6 13. Bxc5 Qxc5+ 14. Qd4 Nd7 15. Qxc5 Nxc5 16. Nbd2 Nf4 17. b4 Nce6 18. Ne4 Ke7 19. Bxe6 Bxe6 20. Nc5 b6 21. Nxe6 fxe6 22. Nd4 Rac8 23. g3 Ng6 24. Rf6 Nf8 25. Raf1 c5 26. Rf7+ Ke8 27. Nb5 1-0


[Site "https://www.chess.com"]

[Event "Titled Tuesday Blitz August 15 Late 2023"]
[White "Curtis, John"]
[Black "chessmateto"]
[WhiteFideId "3200256"]
[WhiteElo "2042"]
[BlackElo "2403"]
[Result "1-0"]
[Round "2"]
[TimeControl "180+1"]
[Date "2023.08.15"]
[WhiteClock "0:00:16"]
[BlackClock "0:00:06"]
[Board "182"]

1. d4 d5 2. c4 c6 3. Nf3 Nf6 4. cxd5 cxd5 5. Nc3 Nc6 6. Bf4 a6 7. e3 e6 8. Rc1 Bd6 9. Bxd6 Qxd6 10. Bd3 O-O 11. O-O b5 12. Bb1 Bb7 13. Qd2 Rac8 14. Rfd1 Rc7 15. Ne1 Rfc8 16. Nd3 Na5 17. Nc5 Nc4 18. Qe2 Nd7 19. b4 Qb6 20. Bd3 Nf8 21. Nb1 a5 22. a3 axb4 23. axb4 Ra8 24. Nxb7 Qxb7 25. e4 Ng6 26. g3 Qa7 27. exd5 exd5 28. Bxg6 hxg6 29. Nc3 Qb7 30. Ra1 Rxa1 31. Rxa1 Nd6 32. Qf3 Ne4 33. Nxe4 dxe4 34. Qf4 Rc4 35. Qd6 Qc6 36. Qxc6 Rxc6 37. Ra5 Rd6 38. Rxb5 Rxd4 39. Rb8+ Kh7 40. b5 f5 41. h4 g5 42. hxg5 Kg6 43. b6 Kxg5 44. Kg2 Rd2 45. Rg8 g6 46. b7 e3 47. b8=Q Rxf2+ 48. Kg1 Kg4 49. Rxg6+ Kf3 50. Qb7+ Ke2 51. Qb5+ Kf3 52. Qxf5+ Ke2 53. Rf6 Ke1 54. Qxf2+ exf2+ 55. Rxf2 1-0


[Site "https://www.chess.com"]

[Event "Titled Tuesday Blitz August 15 Late 2023"]
[White "Bongo Akanga Ndjila, Barthelemy"]
[Black "Figorito, Nick"]
[WhiteFideId "10609431"]
[BlackFideId "30923689"]
[WhiteElo "2036"]
[BlackElo "2402"]
[Result "0-1"]
[Round "2"]
[TimeControl "180+1"]
[Date "2023.08.15"]
[WhiteClock "0:00:03"]
[BlackClock "0:00:12"]
[Board "183"]

1. d4 Nf6 2. c4 g6 3. Nc3 d5 4. Nf3 Bg7 5. e3 O-O 6. Be2 c5 7. dxc5 Qa5 8. Bd2 dxc4 9. Na4 Qc7 10. Bxc4 Bd7 11. b4 Ne4 12. Rc1 Nxd2 13. Nxd2 Rd8 14. Nc3 Nc6 15. Qb3 Ne5 16. Nd5 Qb8 17. Nxe7+ Kh8 18. O-O Bc6 19. Nxc6 bxc6 20. Ne4 f5 21. Nd6 Rxd6 22. cxd6 Qxd6 23. Rfd1 Qc7 24. Bd5 Ng4 25. g3 Qe7 26. Bxc6 Rd8 27. Rxd8+ Qxd8 28. Bf3 Ne5 29. Qd5 Qb8 30. a3 h6 31. Rd1 Kh7 32. Bg2 Ng4 33. h3 Nf6 34. Qd8 Qe5 35. Qd4 Qc7 36. h4 h5 37. Qd2 Qe5 38. Rc1 Ng4 39. Qd7 Qb2 40. Rf1 Qxa3 41. Bf3 Ne5 42. Qd5 Qxb4 43. Bg2 Qa3 44. Rb1 Qc3 45. Rb7 Ng4 46. Qd7 Qe1+ 47. Bf1 Qxf2+ 48. Kh1 Qh2# 0-1


[Site "https://www.chess.com"]

[Event "Titled Tuesday Blitz August 15 Late 2023"]
[White "Dwilewicz, Katarzyna"]
[Black "Navyblue1"]
[WhiteFideId "1148486"]
[WhiteElo "2401"]
[BlackElo "1994"]
[Result "0-1"]
[Round "2"]
[TimeControl "180+1"]
[Date "2023.08.15"]
[WhiteClock "0:00:15"]
[BlackClock "0:00:15"]
[Board "184"]

1. e4 c5 2. Nf3 d6 3. d4 cxd4 4. Nxd4 Nf6 5. Nc3 a6 6. h3 e5 7. Nde2 Be6 8. Bg5 Nbd7 9. Qd2 Qa5 10. Ng3 Rc8 11. Be2 Be7 12. O-O Qb4 13. Rab1 h6 14. a3 Qc5 15. Be3 Qc6 16. Rfd1 O-O 17. Rbc1 Nb6 18. f3 d5 19. exd5 Nbxd5 20. Nxd5 Nxd5 21. Bf2 Rfd8 22. Qe1 Bc5 23. Bd3 Bxf2+ 24. Qxf2 Nf4 25. Be4 Qc7 26. Nf5 Ng6 27. b3 Rxd1+ 28. Rxd1 Ne7 29. Ne3 b5 30. h4 Qc5 31. Ng4 Qxf2+ 32. Kxf2 f5 33. Nxe5 fxe4 34. fxe4 Bf7 35. Nxf7 Kxf7 36. Rd2 Ke6 37. Ke3 Rc3+ 38. Kd4 Rc6 39. c4 Rd6+ 40. Kc3 Rxd2 41. Kxd2 bxc4 42. bxc4 Nc6 43. Kc3 Ke5 44. g4 Kxe4 45. a4 a5 46. c5 Kd5 47. g5 hxg5 48. hxg5 Kxc5 49. g6 Ne5 50. Kb3 Nc4 51. Kc3 Nb6 52. Kd3 Nxa4 53. Ke4 Nb6 54. Ke5 Nd5 55. Ke6 a4 56. Kf7 a3 57. Kxg7 a2 58. Kf7 a1=Q 59. g7 Qf1+ 60. Ke8 Qe1+ 61. Kf7 Qf2+ 62. Ke8 Qe3+ 63. Kf7 Qf4+ 64. Ke8 Qe5+ 65. Kf7 Qf6+ 66. Kg8 Ne7+ 67. Kh7 Qh4# 0-1


[Site "https://www.chess.com"]

[Event "Titled Tuesday Blitz August 15 Late 2023"]
[White "dodoucb"]
[Black "Burke, Paul"]
[BlackFideId "2605767"]
[WhiteElo "2394"]
[BlackElo "1846"]
[Result "1-0"]
[Round "2"]
[TimeControl "180+1"]
[Date "2023.08.15"]
[WhiteClock "0:01:48"]
[BlackClock "0:00:00"]
[Board "185"]

1. Nf3 a6 2. e4 d6 3. d4 g6 4. Nc3 h6 5. Be3 Bg7 6. h4 Nd7 7. Qd2 e5 8. O-O-O Ne7 9. a3 b5 10. dxe5 dxe5 11. Nd5 Bb7 12. Qb4 Nc6 13. Qc3 O-O 14. g3 Rc8 15. Bh3 Nd4 16. Nxd4 Bxd5 17. Ne2 Be6 18. Bxe6 fxe6 19. Qc6 Rf7 20. Rd2 Qe7 21. Rhd1 Nf6 22. Bc5 Qe8 23. Qb7 1-0


[Site "https://www.chess.com"]

[Event "Titled Tuesday Blitz August 15 Late 2023"]
[White "Hambleton, Aman"]
[Black "Firouzja, Alireza"]
[WhiteFideId "2606577"]
[BlackFideId "12573981"]
[WhiteElo "2786"]
[BlackElo "3122"]
[Result "0-1"]
[Round "3"]
[TimeControl "180+1"]
[Date "2023.08.15"]
[WhiteClock "0:00:00"]
[BlackClock "0:01:14"]
[Board "1"]

1. d4 Nf6 2. c4 e6 3. Nc3 Bb4 4. Qc2 b6 5. e4 c5 6. d5 Qe7 7. Be2 exd5 8. exd5 Qe4 9. Qxe4+ Nxe4 10. Bd2 Bxc3 11. Bxc3 Nxc3 12. bxc3 O-O 13. Kd2 d6 14. Bd3 Nd7 15. f4 Nf6 16. Ne2 Ba6 17. Ng3 g6 18. a4 Rfb8 19. Rhb1 Bc8 20. Ne4 Ne8 21. h3 Bf5 22. g4 Bxe4 23. Bxe4 Nf6 24. Bf3 h6 25. a5 bxa5 26. Rxb8+ Rxb8 27. Rxa5 Rb2+ 28. Ke3 Rc2 29. Kd3 Rh2 30. Rxa7 Rxh3 31. Ke2 Rh2+ 32. Ke3 Kf8 33. Ra8+ Ke7 34. Ra7+ Nd7 35. Be4 Rh3+ 36. Bf3 g5 37. fxg5 hxg5 38. Kf2 Kd8 39. Ra8+ Kc7 40. Ra7+ Kc8 41. Be4 Ne5 42. Bf5+ Kd8 43. Ra8+ Ke7 44. Ra7+ Kf6 45. Ra6 Nxc4 46. Ke2 Re3+ 47. Kd1 Rxc3 48. Ke2 Ke5 49. Ra7 Kf6 50. Ra6 Re3+ 51. Kd1 Re5 52. Kc2 Ne3+ 53. Kc3 Nxf5 54. gxf5 Rxd5 55. Kc4 Rd4+ 56. Kc3 Kxf5 0-1


[Site "https://www.chess.com"]

[Event "Titled Tuesday Blitz August 15 Late 2023"]
[White "Vachier-Lagrave, Maxime"]
[Black "Tristan, Leonardo"]
[WhiteFideId "623539"]
[BlackFideId "113816"]
[WhiteElo "3121"]
[BlackElo "2782"]
[Result "1-0"]
[Round "3"]
[TimeControl "180+1"]
[Date "2023.08.15"]
[WhiteClock "0:00:14"]
[BlackClock "0:00:00"]
[Board "2"]

1. d4 d5 2. c4 e6 3. Nc3 h6 4. cxd5 exd5 5. Bf4 Nf6 6. e3 Bd6 7. Be5 c6 8. Nf3 O-O 9. Bd3 Qe7 10. Qc2 Nbd7 11. Bxd6 Qxd6 12. O-O-O Re8 13. Kb1 a5 14. Rhg1 Nb6 15. h3 a4 16. g4 Nc4 17. Bxc4 dxc4 18. e4 Qf4 19. Ne5 a3 20. f3 axb2 21. Qd2 Qxd2 22. Rxd2 c5 23. Nxc4 cxd4 24. Rxd4 Be6 25. Nd6 Red8 26. Rgd1 Ne8 27. Kxb2 Nxd6 28. Rxd6 Rdc8 29. Rb6 Rc7 30. f4 Rac8 31. Rd3 Bc4 32. Re3 Rd8 33. a4 Rd2+ 34. Ka3 Bd3 35. Rb3 Bc4 36. Rb2 Rd3 37. Rxd3 Bxd3 38. Kb3 Bc4+ 39. Kb4 Bf1 40. Rh2 Bd3 41. Rd2 Bf1 42. h4 Rc4+ 43. Kb3 Rc7 44. g5 hxg5 45. hxg5 Kh7 46. f5 Re7 47. Kb4 g6 48. Rh2+ Kg8 49. f6 Re5 50. Nd5 Rxe4+ 51. Ka3 1-0


[Site "https://www.chess.com"]

[Event "Titled Tuesday Blitz August 15 Late 2023"]
[White "Rustemov, Alexander"]
[Black "Fedoseev, Vladimir"]
[WhiteFideId "4119002"]
[BlackFideId "24130737"]
[WhiteElo "2780"]
[BlackElo "3119"]
[Result "0-1"]
[Round "3"]
[TimeControl "180+1"]
[Date "2023.08.15"]
[WhiteClock "0:00:13"]
[BlackClock "0:01:01"]
[Board "3"]

1. d4 Nf6 2. c4 g6 3. Nf3 Bg7 4. g3 O-O 5. Bg2 d6 6. O-O c6 7. Nc3 Qa5 8. h3 Qa6 9. b3 b5 10. Nd2 Bb7 11. Bb2 Nbd7 12. e3 bxc4 13. Nxc4 c5 14. dxc5 Bxg2 15. Kxg2 Nxc5 16. Qe2 Rab8 17. Rfd1 Rfc8 18. Rac1 Nxb3 19. axb3 Rxb3 20. Nd5 Nxd5 21. Bxg7 Nb6 22. Bh6 Nxc4 23. Rd4 Qb7+ 24. Kh2 Rb2 25. Rdxc4 Rxc4 26. Qxc4 Rxf2+ 27. Kg1 Qg2# 0-1


[Site "https://www.chess.com"]

[Event "Titled Tuesday Blitz August 15 Late 2023"]
[White "Aronian, Levon"]
[Black "Badmatsyrenov, Oleg"]
[WhiteFideId "13300474"]
[BlackFideId "24115762"]
[WhiteElo "3076"]
[BlackElo "2767"]
[Result "1-0"]
[Round "3"]
[TimeControl "180+1"]
[Date "2023.08.15"]
[WhiteClock "0:00:14"]
[BlackClock "0:00:00"]
[Board "5"]

1. e4 c5 2. Nf3 e6 3. d4 cxd4 4. Nxd4 a6 5. Bd3 Bc5 6. Nb3 Be7 7. Qg4 g6 8. Qe2 d6 9. Be3 Nd7 10. Na3 Ne5 11. f4 Nxd3+ 12. cxd3 b5 13. Nc2 Nf6 14. O-O Bb7 15. h3 O-O 16. Qf2 Re8 17. Bb6 Qb8 18. Na5 Bd8 19. Bxd8 Rxd8 20. Qb6 Qa7 21. Qxa7 Rxa7 22. Nb4 Re8 23. Rac1 Ba8 24. Rc2 Kg7 25. g4 Nd7 26. Rfc1 Nc5 27. e5 Rd7 28. Kf2 Nb7 29. Nxb7 Bxb7 30. Rc7 Red8 31. exd6 a5 32. Nc2 Bd5 33. Nd4 Rxd6 34. Nxb5 R6d7 35. b3 a4 36. bxa4 Bxa2 37. Rxd7 Rxd7 38. Ke3 Bb3 39. Ra1 Rb7 40. Nc3 Ra7 41. a5 h5 42. g5 f6 43. a6 1-0


[Site "https://www.chess.com"]

[Event "Titled Tuesday Blitz August 15 Late 2023"]
[White "Morefield, Jason"]
[Black "Duda, Jan-Krzysztof"]
[WhiteFideId "30920825"]
[BlackFideId "1170546"]
[WhiteElo "2755"]
[BlackElo "3051"]
[Result "0-1"]
[Round "3"]
[TimeControl "180+1"]
[Date "2023.08.15"]
[WhiteClock "0:00:02"]
[BlackClock "0:00:07"]
[Board "6"]

1. e4 g6 2. d4 Bg7 3. Nc3 b6 4. Be3 Bb7 5. Bc4 e6 6. Nf3 a6 7. O-O b5 8. Bd3 d6 9. Re1 Nd7 10. a4 b4 11. Na2 Ngf6 12. Bd2 a5 13. c3 c5 14. e5 dxe5 15. dxe5 Ng4 16. Bb5 O-O 17. Bf4 Bxf3 18. Qxf3 Ngxe5 19. Qg3 b3 20. Nc1 c4 21. Rd1 Qc8 22. Rd4 Rd8 23. Ne2 h6 24. Rad1 g5 25. Be3 Qb7 26. f4 Nd3 27. fxg5 Be5 28. Qh3 Bxd4 29. Bxd4 Qe4 30. Qxh6 Qh7 31. Qxh7+ Kxh7 32. Rxd3 cxd3 33. Bxd3+ Kg8 34. Bb5 Rac8 35. Be3 Ne5 36. Nd4 Nc4 37. Bxc4 Rxc4 38. Nxb3 Rxa4 39. Nc5 Ra2 40. b4 Rd1# 0-1


[Site "https://www.chess.com"]

[Event "Titled Tuesday Blitz August 15 Late 2023"]
[White "Stearman, Josiah"]
[Black "Grischuk, Alexander"]
[WhiteFideId "2062496"]
[BlackFideId "4126025"]
[WhiteElo "2753"]
[BlackElo "3047"]
[Result "1-0"]
[Round "3"]
[TimeControl "180+1"]
[Date "2023.08.15"]
[WhiteClock "0:00:05"]
[BlackClock "0:00:00"]
[Board "7"]

1. e4 e5 2. Nf3 Nc6 3. Bb5 a6 4. Ba4 Bc5 5. O-O Nge7 6. c3 Ng6 7. d4 Ba7 8. Bg5 f6 9. Be3 O-O 10. Nbd2 d6 11. h3 Kh8 12. Kh1 Bd7 13. Bb3 Qc8 14. Kh2 Nd8 15. Rc1 Ne6 16. Bxe6 Bxe6 17. Nb3 Bd7 18. c4 Qe8 19. c5 exd4 20. Qxd4 dxc5 21. Nxc5 Bc6 22. Rfe1 Qf7 23. Qc4 Rae8 24. Qxf7 Rxf7 25. Nxa6 Bxe3 26. Rxe3 h6 27. Nd4 Bxe4 28. Nxc7 Rc8 29. Rxe4 Rfxc7 30. Rce1 Kh7 31. f4 Rd7 32. Ne6 f5 33. R4e2 b6 34. g3 Rd3 35. h4 Kg8 36. h5 Nh8 37. Re5 Nf7 38. Rxf5 Rd2+ 39. Kh3 Rxb2 40. Nd4 Rd2 41. Nf3 Nd6 42. Rfe5 Rxa2 43. Rd5 Nf7 44. Re7 Ra3 45. Rdd7 Rxf3 46. Rxf7 Kh8 47. Rxg7 1-0


[Site "https://www.chess.com"]

[Event "Titled Tuesday Blitz August 15 Late 2023"]
[White "Dubov, Daniil"]
[Black "Ghazarian, Kirk"]
[WhiteFideId "24126055"]
[BlackFideId "30908604"]
[WhiteElo "3042"]
[BlackElo "2750"]
[Result "1-0"]
[Round "3"]
[TimeControl "180+1"]
[Date "2023.08.15"]
[WhiteClock "0:00:31"]
[BlackClock "0:00:00"]
[Board "8"]

1. d4 d5 2. Nf3 Nf6 3. Bg5 Ne4 4. Bh4 c5 5. e3 Qb6 6. Nbd2 Nc6 7. c3 Bf5 8. Nxe4 Bxe4 9. Bd3 Bxd3 10. Qxd3 g6 11. dxc5 Qxc5 12. Rd1 Rd8 13. O-O Bg7 14. e4 dxe4 15. Qxe4 O-O 16. Rfe1 Bf6 17. Bxf6 exf6 18. g3 Kg7 19. Kg2 Qa5 20. a4 Rxd1 21. Rxd1 Rd8 22. Rxd8 Qxd8 23. b4 Qc7 24. Qc4 Qd7 25. a5 a6 26. Qe4 Qc7 27. h4 h5 28. Qd5 Ne7 29. Qd3 Qc6 30. c4 Nf5 31. b5 Qc5 32. Nd2 Nd6 33. b6 Qc6+ 34. Qf3 Qxf3+ 35. Kxf3 Kf8 36. c5 Nb5 37. Ke3 Nc3 38. c6 Nd5+ 39. Kf3 bxc6 40. b7 1-0


[Site "https://www.chess.com"]

[Event "Titled Tuesday Blitz August 15 Late 2023"]
[White "Boruchovsky, Avital"]
[Black "Bluebaum, Matthias"]
[WhiteFideId "2800055"]
[BlackFideId "24651516"]
[WhiteElo "2742"]
[BlackElo "3031"]
[Result "0-1"]
[Round "3"]
[TimeControl "180+1"]
[Date "2023.08.15"]
[WhiteClock "0:00:02"]
[BlackClock "0:01:23"]
[Board "9"]

1. Nf3 d5 2. g3 e6 3. Bg2 Nf6 4. O-O Bd6 5. d4 O-O 6. c4 Nc6 7. Nc3 dxc4 8. e4 e5 9. d5 Na5 10. Be3 Bd7 11. h3 b5 12. Nd2 Nb7 13. Qe2 Nc5 14. a4 a6 15. Rfb1 Qe7 16. a5 b4 17. Na2 Bb5 18. Nxc4 Nb3 19. Qc2 Nxa1 20. Rxa1 Bc5 21. Bg5 h6 22. Bd2 Rab8 23. Nc1 c6 24. Nd3 cxd5 25. Ncxe5 Rfc8 26. Nxc5 Rxc5 27. Bxb4 Rxc2 28. Bxe7 Nxe4 0-1


[Site "https://www.chess.com"]

[Event "Titled Tuesday Blitz August 15 Late 2023"]
[White "Kollars, Dmitrij"]
[Black "Lobanov, Sergei"]
[WhiteFideId "12909572"]
[BlackFideId "24183750"]
[WhiteElo "3025"]
[BlackElo "2739"]
[Result "0-1"]
[Round "3"]
[TimeControl "180+1"]
[Date "2023.08.15"]
[WhiteClock "0:00:00"]
[BlackClock "0:00:04"]
[Board "10"]

1. e4 e5 2. Nf3 Nc6 3. Bc4 Nf6 4. d3 Bc5 5. Nc3 a6 6. h3 d6 7. Be3 Bxe3 8. fxe3 Na5 9. Bb3 O-O 10. O-O h6 11. Qe1 Nxb3 12. axb3 Be6 13. Nh4 Nd7 14. Nf5 f6 15. Qg3 Bxf5 16. Rxf5 Nc5 17. Raf1 c6 18. Qg4 Qe7 19. Ne2 d5 20. Ng3 dxe4 21. b4 Ne6 22. Nxe4 Ng5 23. Nc5 b6 24. Na4 Rab8 25. h4 Ne6 26. Nc3 Kh7 27. Qe4 Kh8 28. Qxc6 Rfc8 29. Qe4 Rd8 30. Nd5 Qb7 31. c4 Nc7 32. Nxc7 Qxc7 33. b3 Rd7 34. d4 exd4 35. exd4 Qd6 36. Rd5 Qc6 37. Re5 Qd6 38. Re8+ Rxe8 39. Qxe8+ Kh7 40. Qe4+ Kh8 41. Qe8+ Kh7 42. Qe4+ Kh8 43. d5 Re7 44. Qd4 Qxb4 45. d6 Rd7 46. Rd1 Qxb3 47. Qd5 Qb4 48. Kh2 Qc5 49. Qe6 Qe5+ 50. Qxe5 fxe5 51. Kg3 Kg8 52. Kg4 g6 53. h5 Kf7 54. hxg6+ Kxg6 55. Kf3 Kf5 56. g4+ Ke6 57. Rh1 Kxd6 58. Rxh6+ Kc5 59. g5 a5 60. Re6 a4 61. Rxe5+ Kxc4 62. Re4+ Kb3 63. Re3+ Kb4 64. Re4+ Ka5 65. g6 a3 66. Re8 b5 67. Rg8 Kb4 68. Ke4 Kb3 69. Kf5 a2 70. Ke6 Ra7 0-1


[Site "https://www.chess.com"]

[Event "Titled Tuesday Blitz August 15 Late 2023"]
[White "Fernandez Guillen, Ernesto J."]
[Black "Martinez Alcantara, Jose Eduardo"]
[WhiteFideId "3512428"]
[BlackFideId "3805662"]
[WhiteElo "2738"]
[BlackElo "3019"]
[Result "1/2-1/2"]
[Round "3"]
[TimeControl "180+1"]
[Date "2023.08.15"]
[WhiteClock "0:00:13"]
[BlackClock "0:00:15"]
[Board "11"]

1. e4 c5 2. Nf3 d6 3. d4 cxd4 4. Nxd4 a6 5. Nc3 e6 6. Bc4 Nf6 7. Bb3 Be7 8. f3 h5 9. Be3 Bd7 10. Qd2 Nc6 11. O-O-O Rc8 12. Kb1 Na5 13. Rhe1 Qc7 14. Bg5 Nxb3 15. axb3 O-O 16. h4 b5 17. Nce2 Rfe8 18. Ng3 g6 19. f4 Ng4 20. Bxe7 Rxe7 21. f5 e5 22. Nf3 Be8 23. Nxh5 f6 24. Ng3 Rh7 25. h5 gxh5 26. Nh4 Bf7 27. Re2 Rd8 28. Ng6 Kg7 29. Nh4 Rhh8 30. Nf1 d5 31. exd5 Rxd5 32. Qe1 Rxd1+ 33. Qxd1 Rd8 34. Rd2 Rxd2 35. Qxd2 Qc5 36. Nf3 a5 37. Ng3 a4 38. bxa4 bxa4 39. Qd7 Qc4 40. Nxh5+ Kh6 41. Ng3 Ne3 42. Qd3 Qxd3 43. cxd3 Nxg2 44. Ne4 Kg7 45. Nd6 Ne3 46. Nd2 Bh5 47. N2c4 Nd5 48. Ka2 Be2 49. Ka3 Bxd3 50. Kxa4 Kf8 51. b4 Ke7 52. Kb5 Ne3 53. Kc5 Nxc4 54. Nxc4 Bxf5 55. b5 Be4 56. b6 Kd7 57. Nd6 Bg2 58. Nf5 Ke6 59. Nd6 f5 60. b7 Bxb7 61. Nxb7 f4 62. Kc4 Kf5 63. Kd3 e4+ 64. Ke2 Ke5 65. Nc5 Kd4 66. Ne6+ Ke5 67. Nc5 Kd4 68. Ne6+ Ke5 69. Nc5 1/2-1/2


[Site "https://www.chess.com"]

[Event "Titled Tuesday Blitz August 15 Late 2023"]
[White "Sadhwani, Raunak"]
[Black "Jaracz, Pawel"]
[WhiteFideId "35093487"]
[BlackFideId "1102222"]
[WhiteElo "3014"]
[BlackElo "2730"]
[Result "1-0"]
[Round "3"]
[TimeControl "180+1"]
[Date "2023.08.15"]
[WhiteClock "0:01:43"]
[BlackClock "0:00:29"]
[Board "12"]

1. e4 c5 2. Na3 a6 3. c3 d6 4. d4 Nf6 5. Bd3 Nc6 6. Nc2 g6 7. Nf3 Bg7 8. O-O O-O 9. a4 e5 10. dxc5 dxc5 11. Bg5 h6 12. Bxf6 Bxf6 13. Ne3 Ne7 14. Qc2 Qc7 15. Bc4 Bd7 16. Rfd1 Bc6 17. h4 b5 18. Bd5 Rad8 19. h5 Kg7 20. axb5 axb5 21. c4 Rb8 22. hxg6 fxg6 23. Bxc6 Qxc6 24. Ra7 Rf7 25. Rdd7 Rbf8 26. cxb5 Qxb5 27. Nc4 Qb8 28. Nd6 Nc6 29. Rxf7+ 1-0


[Site "https://www.chess.com"]

[Event "Titled Tuesday Blitz August 15 Late 2023"]
[White "carokannlover213"]
[Black "Andreikin, Dmitry"]
[BlackFideId "4158814"]
[WhiteElo "2725"]
[BlackElo "3013"]
[Result "0-1"]
[Round "3"]
[TimeControl "180+1"]
[Date "2023.08.15"]
[WhiteClock "0:00:30"]
[BlackClock "0:01:37"]
[Board "13"]

1. e4 c5 2. Nf3 e6 3. d4 cxd4 4. Nxd4 Nc6 5. Nc3 Qc7 6. g3 a6 7. Bg2 Nf6 8. O-O Nxd4 9. Qxd4 Bc5 10. Bf4 d6 11. Qd2 h6 12. Be3 O-O 13. Rad1 Bxe3 14. Qxe3 e5 15. h3 Be6 16. f4 Rfd8 17. f5 Bc4 18. Rf2 Rac8 19. g4 b5 20. a3 a5 21. Bf3 b4 22. axb4 axb4 23. Nb1 d5 24. exd5 e4 25. Bg2 Nxd5 26. Qxe4 Re8 27. Qd4 Ne3 28. Rc1 Nxg2 29. Kxg2 Rcd8 30. Qf4 Bd5+ 31. Kh2 Qc5 32. Nd2 Re3 33. Nf1 Re4 34. Qg3 b3 35. Nd2 Re3 36. Qf4 bxc2 37. Rxc2 Rxh3+ 38. Kxh3 Qxc2 39. Nf1 Qb3+ 40. Ng3 f6 41. Qd4 Bg2+ 0-1


[Site "https://www.chess.com"]